 Dungeon Crawl Stone Soup version 0.29.0-4-gdea44cf6ec (webtiles) character file.

Game seed: 9284346667754377042

1355 qw the Grappler (level 8, -3/75 HPs)
             Began as a Troll Cinder Acolyte on Aug 30, 2022.
             Was an Elder of Ignis.
             Slain by a boulder beetle (16 damage)
             ... on level 6 of the Dungeon.
             The game lasted 00:02:00 (3627 turns).

qw the Grappler (Troll Cinder Acolyte)              Turns: 3627, Time: 00:02:00

Health: -3/75      AC: 12    Str: 25    XL:     8   Next: 37%
Magic:  8/8        EV: 13    Int: 10    God:    Ignis [****..]
Gold:   290        SH:  0    Dex:  5    Spells: 9/9 levels left

rFire   + . .      SeeInvis .     - Unarmed
rCold   . . .      Faith    .   (no shield)
rNeg    . . .      Spirit   .   a - +0 robe
rPois   +          Reflect  .   (helmet restricted)
rElec   .          Harm     .   (no cloak)
rCorr   .          Rampage  .   (gloves unavailable)
Will    .....                   (boots unavailable)
Stlth   +.........              (no amulet)
HPRegen 1.02/turn               m - +4 ring of evasion
MPRegen 0.11/turn               d - ring of poison resistance

@: fiery-armoured
A: large, unfitting armour, claws 3, regeneration 1, shaggy fur 2, tough skin 1,
antennae 1, hooves 1
a: Renounce Religion, Fiery Armour, Foxfire Swarm, Rising Flame


You were on level 6 of the Dungeon.
You worshipped Ignis.
Ignis was greatly pleased with you.
You visited 1 branch of the dungeon, and saw 6 of its levels.

You collected 290 gold pieces.


Innate Abilities, Weirdness & Mutations

You are too large for most types of armour.
You have claws for hands.
Your natural rate of healing is unusually fast.
You are covered in thick fur. (AC +2)
You have tough skin. (AC +1)
You have a pair of small antennae on your head.
You have large cloven feet.


   Skills:
 + Level 3.0 Fighting
 - Level 2.0 Throwing
 - Level 1.3 Dodging
 - Level 10.0 Unarmed Combat
 - Level 1.0 Spellcasting
 - Level 2.1 Fire Magic


You had 9 spell levels left.
You didn't know any spells.
Your spell library contained the following spells:

 Spells                   Type           Power      Damage    Failure   Level
 Scorch                   Fire           8%         2d5       22%         2

Inventory:

Missiles
 h - a boomerang (quivered)
Armour
 a - a +0 robe (worn)
Jewellery
 d - a ring of poison resistance (right claw)
 i - a ring of positive energy
 m - a +4 ring of evasion (left claw)
 n - a ring of protection from fire
Scrolls
 b - a scroll of enchant weapon
 Y - a scroll of identify
Potions
 c - a potion of haste {unknown}
 e - 2 potions of curing
 f - a potion of brilliance {unknown}
 j - 2 potions of resistance
 l - a potion of cancellation {unknown}
 p - a potion of degeneration {unknown}

Dungeon Overview and Level Annotations

Branches:
Dungeon (6/15)
 Temple: D:4-7

Altars:
Ashenzari
Gozag
Makhleb
Xom

Shops:
D:2 *

Annotations:
D:3 1 runed translucent door, Crazy Yiuf


Message History

The jelly attacks as you move away! The jelly closely misses you.
The boulder beetle curls into a ball and begins rolling!
You see here a +6 ring of dexterity.
3620 ||| Stepping ~*~*~tactically~*~*~ (outnumbered).
The sky beast flickers out of sight!
Deactivating autopickup; reactivate with Ctrl-A.
You mangle the jelly!!
You kill the jelly!
Something hits you but does no damage.
Reactivating autopickup.
You feel a bit more experienced. The boulder beetle closely misses you.
The boulder beetle stops rolling and uncurls.
Your Unarmed Combat skill increases to level 10!
You claw the boulder beetle!
You kick the boulder beetle, but do no damage.
The boulder beetle is lightly wounded.
You scratch the boulder beetle but do no damage.
You kick the boulder beetle, but do no damage.
You claw the boulder beetle, but do no damage.
The boulder beetle is lightly wounded.
The boulder beetle bites you!!
You hear an angry hiss.
You claw the boulder beetle! x2
The boulder beetle is heavily wounded.
You hear a shout!
The boulder beetle bites you!!
An iguana comes into view.
You hear a shout!
You hear an angry hiss.
You scratch the boulder beetle but do no damage.
The boulder beetle is heavily wounded.
You hear a shout!
The boulder beetle barely misses you.
You scratch the boulder beetle but do no damage.
You claw the boulder beetle.
The boulder beetle is heavily wounded.
The boulder beetle bites you!!
You claw the boulder beetle!
The boulder beetle is heavily wounded.
The boulder beetle bites you!
You die...

# #: #. #(# . #.
#.# #.. #.# #..
#... #..###.###.
#...# #.%.......
.....# ##.......#
.....l##B........
#...@.........
##............ #.
##..)........ #.
#..<.####### #.#
#....# #..
#...####### #..#
#..[[.....###
#..##
###...........##
#...##
##..........(..(#


You could see a boulder beetle and an iguana.

Vanquished Creatures
  A water moccasin (D:5)
  A sky beast (D:6)
  2 ogres
  A necrophage (D:5)
  2 scorpions (D:5)
  4 wights (D:6)
  A howler monkey (D:5)
  8 hounds
  3 jellies
  2 iguanas (D:5)
  9 adders
  A shadow imp (D:5)
  An ufetubus (D:5)
  2 worms (D:2)
  2 dart slugs
  4 orcs
  8 ball pythons
  3 bats
  6 endoplasms
  5 giant cockroaches
  3 goblins
  6 hobgoblins
  11 kobolds
  3 quokkas
  7 frilled lizards
  4 rats
100 creatures vanquished.

Notes
Turn   | Place    | Note
-------+----------+-------------------------------------------
     0 | D:1      | qw the Troll Cinder Acolyte began the quest for the Orb.
     0 | D:1      | Reached XP level 1. HP: 22/22 MP: 1/1
     0 | D:1      | 0 ||| qw: Version: 0.1-a-95-gae9e614
     0 | D:1      | 0 ||| qw: Game counter: 4447
     0 | D:1      | 0 ||| qw: Always use a shield: true
     0 | D:1      | 0 ||| qw: God list: Okawaru
     0 | D:1      | 0 ||| qw: Allow faded altars: false
     0 | D:1      | 0 ||| qw: Do Orc after D:15 true
     0 | D:1      | 0 ||| qw: Do second Lair branch before Depths: true
     0 | D:1      | 0 ||| qw: Lair rune preference: random
     0 | D:1      | 0 ||| qw: Plans: Normal
     0 | D:1      | 0 ||| PLANNING D:1-11
    45 | D:1      | 45 ||| Stepping ~*~*~tactically~*~*~ (stealth).
    52 | D:1      | 52 ||| Stepping ~*~*~tactically~*~*~ (outnumbered).
   238 | D:1      | 238 ||| Stepping ~*~*~tactically~*~*~ (stealth).
   249 | D:1      | Reached XP level 2. HP: 29/29 MP: 2/2
   336 | D:1      | You fall into a shaft and drop 1 floor!
   410 | D:2      | 410 ||| INVOKING Fiery Armour.
   411 | D:2      | Reached skill level 4 in Unarmed Combat
   421 | D:2      | Reached XP level 3. HP: 32/36 MP: 3/3
   437 | D:2      | 437 ||| READING scroll labelled CUSMANIBBI.
   512 | D:1      | Found a faded altar of an unknown god.
   946 | D:1      | 946 ||| READING scroll labelled VUJE PUKIUNAIPI.
   947 | D:1      | 947 ||| READING scroll labelled AWNESOZ TOETEM.
   952 | D:1      | 952 ||| READING scroll labelled NONTAE ZUBEUFF.
  1117 | D:2      | 1117 ||| INVOKING Fiery Armour.
  1301 | D:2      | 1301 ||| Stepping ~*~*~tactically~*~*~ (outnumbered).
  1302 | D:2      | 1302 ||| Stepping ~*~*~tactically~*~*~ (outnumbered).
  1314 | D:2      | Reached skill level 5 in Unarmed Combat
  1314 | D:2      | Reached XP level 4. HP: 35/44 MP: 4/4
  1436 | D:2      | Found Jimonad's General Store.
  1501 | D:2      | 1501 ||| READING scroll labelled DULOIWUIDI.
  1502 | D:2      | 1502 ||| READING scroll labelled LAMUTS LOUC.
  1583 | D:2      | 1583 ||| READING 2 scrolls of teleportation.
  1584 | D:2      | 1584 ||| STAIRDANCE
  1791 | D:3      | Found an opulent altar of Gozag.
  1913 | D:3      | 1913 ||| Stepping ~*~*~tactically~*~*~ (stealth).
  1918 | D:3      | Found a burning altar of Makhleb.
  1972 | D:3      | Found a shimmering altar of Xom.
  1998 | D:3      | Found a runed translucent door.
  1999 | D:3      | Noticed Crazy Yiuf
  2303 | D:3      | 2303 ||| READING scroll labelled VYITARGHEEH.
  2304 | D:3      | 2304 ||| READING scroll labelled OLU IPLUYKI.
  2305 | D:3      | 2305 ||| DRINKING 2 coppery potions.
  2305 | D:3      | Gained mutation: You are weak. (Str -2) [potion of
                  | mutation]
  2305 | D:3      | Gained mutation: You are frail. (-10% HP) [potion of
                  | mutation]
  2306 | D:3      | 2306 ||| DRINKING potion of mutation.
  2306 | D:3      | Lost mutation: You are frail. (-10% HP) [potion of
                  | mutation]
  2306 | D:3      | Lost mutation: You are weak. (Str -2) [potion of mutation]
  2306 | D:3      | Gained mutation: You are frail. (-10% HP) [potion of
                  | mutation]
  2306 | D:3      | Gained mutation: You are resistant to electric shocks.
                  | (rElec) [potion of mutation]
  2307 | D:3      | 2307 ||| DRINKING 3 fuming puce potions.
  2426 | D:2      | 2426 ||| READING scroll of teleportation.
  2523 | D:2      | 2523 ||| Stepping randomly (stuck).
  2548 | D:4      | 2548 ||| STAIRDANCE
  2655 | D:4      | Reached XP level 5. HP: 45/45 MP: 5/5
  2694 | D:4      | 2694 ||| Stepping ~*~*~tactically~*~*~ (stealth).
  2703 | D:4      | Reached skill level 6 in Unarmed Combat
  2725 | D:4      | Noticed an ogre
  2727 | D:4      | 2727 ||| Stepping ~*~*~tactically~*~*~ (stealth).
  2732 | D:4      | Killed an ogre
  2761 | D:4      | 2761 ||| DRINKING 2 potions of mutation.
  2761 | D:4      | Lost mutation: You are frail. (-10% HP) [potion of
                  | mutation]
  2761 | D:4      | Lost mutation: You are resistant to electric shocks.
                  | (rElec) [potion of mutation]
  2761 | D:4      | Gained mutation: Your mind is acute. (Int +4, Str/Dex -1)
                  | [potion of mutation]
  2761 | D:4      | Gained mutation: You occasionally lose the ability to drink
                  | potions when taking damage. [potion of mutation]
  2761 | D:4      | Gained mutation: You are robust. (+10% HP) [potion of
                  | mutation]
  2772 | D:4      | 2772 ||| DRINKING potion of mutation.
  2772 | D:4      | Lost mutation: You are robust. (+10% HP) [potion of
                  | mutation]
  2772 | D:4      | Lost mutation: Your mind is acute. (Int +4, Str/Dex -1)
                  | [potion of mutation]
  2772 | D:4      | Lost mutation: You occasionally lose the ability to drink
                  | potions when taking damage. [potion of mutation]
  2772 | D:4      | Gained mutation: You are covered in thick fur. (AC +2)
                  | [potion of mutation]
  2772 | D:4      | Gained mutation: You have a pair of small antennae on your
                  | head. [potion of mutation]
  2772 | D:4      | Gained mutation: You have large cloven feet. [potion of
                  | mutation]
  2875 | D:4      | Reached XP level 6. HP: 54/59 MP: 6/6
  3002 | D:4      | Reached skill level 1 in Throwing
  3022 | D:4      | 3022 ||| DROPPING scarf of harm.
  3023 | D:4      | 3023 ||| UPGRADING to ring of protection from fire.
  3024 | D:4      | 3024 ||| DRINKING 2 black potions.
  3025 | D:4      | 3025 ||| DRINKING 2 sedimented purple potions.
  3026 | D:4      | 3026 ||| DROPPING potion of flight.
  3065 | D:5      | Entered Level 5 of the Dungeon
  3101 | D:5      | Reached skill level 7 in Unarmed Combat
  3127 | D:5      | 3127 ||| INVOKING Fiery Armour.
  3128 | D:5      | Reached XP level 7. HP: 30/66 MP: 7/7
  3133 | D:5      | Reached skill level 8 in Unarmed Combat
  3137 | D:5      | 3137 ||| Stepping ~*~*~tactically~*~*~ (stealth).
  3138 | D:5      | 3138 ||| Stepping ~*~*~tactically~*~*~ (stealth).
  3139 | D:5      | 3139 ||| Stepping ~*~*~tactically~*~*~ (stealth).
  3149 | D:5      | Reached skill level 3 in Fighting
  3165 | D:5      | 3165 ||| Stepping ~*~*~tactically~*~*~ (stealth).
  3279 | D:5      | 3279 ||| Stepping ~*~*~tactically~*~*~ (stealth).
  3290 | D:5      | Reached skill level 9 in Unarmed Combat
  3409 | D:5      | Found a broken altar of Ashenzari.
  3523 | D:5      | 3523 ||| UPGRADING to ring of poison resistance.
  3524 | D:5      | 3524 ||| UPGRADING to +4 ring of evasion.
  3526 | D:5      | 3526 ||| READING scroll labelled RUNISA OCVAERI.
  3527 | D:5      | 3527 ||| READING 2 scrolls labelled COKISHR LEUBLAS.
  3558 | D:6      | Reached skill level 1 in Dodging
  3558 | D:6      | Reached XP level 8. HP: 75/75 MP: 8/8
  3568 | D:6      | 3568 ||| Stepping ~*~*~tactically~*~*~ (stealth).
  3571 | D:6      | 3571 ||| Stepping ~*~*~tactically~*~*~ (stealth).
  3574 | D:6      | 3574 ||| Stepping ~*~*~tactically~*~*~ (outnumbered).
  3575 | D:6      | 3575 ||| Stepping ~*~*~tactically~*~*~ (outnumbered).
  3576 | D:6      | 3576 ||| Stepping ~*~*~tactically~*~*~ (outnumbered).
  3577 | D:6      | 3577 ||| Stepping ~*~*~tactically~*~*~ (outnumbered).
  3578 | D:6      | 3578 ||| Stepping ~*~*~tactically~*~*~ (outnumbered).
  3579 | D:6      | 3579 ||| Stepping ~*~*~tactically~*~*~ (outnumbered).
  3585 | D:6      | 3585 ||| FLEEEEING.
  3586 | D:6      | 3586 ||| FLEEEEING.
  3587 | D:6      | 3587 ||| STAIRDANCE
  3611 | D:6      | Noticed a boulder beetle
  3612 | D:6      | 3612 ||| INVOKING Fiery Armour.
  3619 | D:6      | 3619 ||| Stepping ~*~*~tactically~*~*~ (outnumbered).
  3620 | D:6      | 3620 ||| Stepping ~*~*~tactically~*~*~ (outnumbered).
  3622 | D:6      | Reached skill level 10 in Unarmed Combat
  3626 | D:6      | HP: 12/75 [boulder beetle (23)]
  3627 | D:6      | Slain by a boulder beetle

Levels and vault maps discovered:
D:1:      dpeg_arrival_pond, layout_loops_corners,
          dreamdust_ecumenical_altar_grove
D:2:      layout_rooms, serial_shops, nicolae_diamond_shop, serial_aquarium,
          aquarium_bridge_island_small [aquarium_subvault_small_open,
          aquarium_subvault_wall, aquarium_subvault_wall,
          aquarium_subvault_bridge, aquarium_subvault_wall],
          aquarium_window_corner, aquarium_window_corner, aquarium_view_2g,
          aquarium_view_2d, aquarium_balcony_double_4, aquarium_pool_five,
          grunt_ministairs_6, minmay_cut_off
D:3:      layout_loops_ring, mainiacjoe_overflow_concentric_impassable,
          xom_teletrap_fun, grunt_gozag_statues, uniq_crazy_yiuf_cottage
D:4:      layout_rooms, chequers_arboretum
D:5:      layout_rooms, ashenzari_altar_1, minmay_checkerbox
D:6:      layout_layer_cave, grunt_temple_overflow_growth_and_decay,
          minmay_temple_entry_tees, minmay_manual_mail

Skill      XL: |  1  2  3  4  5  6  7  8 |
---------------+-------------------------+-----
Unarmed Combat | 4 5 6 7 9 10 | 10.0
Throwing       | 1 2 |  2.0
Fighting       | 3 |  3.0
Dodging        | 1 |  1.3
Spellcasting   | |  1.0
Fire Magic     | |  2.1

Action                   |  1- 3 |  4- 6 |  7- 9 || total
-------------------------+-------+-------+-------++-------
Melee: Unarmed           |    94 |   104 |    59 ||   257
       Punch             |     1 |     2 |     4 ||     7
       Kick              |       |     9 |    11 ||    20
Throw: Boomerang         |    11 |    22 |     3 ||    36
       Javelin           |       |    10 |    16 ||    26
Invok: Fiery Armour      |     2 |     1 |     1 ||     4
  Use: Scroll            |     4 |     6 |     2 ||    12
       Potion            |       |     7 |       ||     7
Armor: Robe              |    33 |    29 |    17 ||    79
Dodge: Dodged            |    42 |    43 |    29 ||   114

Table legend:
 A = Non-vault XP
 B = Vault XP
 C = Vault XP percentage of total XP
 D = Non-vault monster count
 E = Vault monster count
 F = Vault count percentage of total count
                 A         B        C        D         E       F
            +---------+---------+-------+---------+---------+-------
      Total |    1644 |     292 |  15.1 |      90 |      10 |  10.0
            +---------+---------+-------+---------+---------+-------
        D:1 |      31 |       0 |   0.0 |      19 |       0 |   0.0
        D:2 |      80 |       7 |   8.0 |      21 |       4 |  16.0
        D:3 |      65 |       0 |   0.0 |      13 |       0 |   0.0
        D:4 |     234 |       0 |   0.0 |      12 |       0 |   0.0
        D:5 |     841 |     118 |  12.3 |      18 |       4 |  18.2
        D:6 |     393 |     167 |  29.8 |       7 |       2 |  22.2
            +---------+---------+-------+---------+---------+-------
